 Dungeon Crawl Stone Soup version 0.30-b1-2-g02819fbbbe (webtiles) character file.

Game seed: 16784582036684344294

4 oblivion the Grasshopper (level 1, 0/18 HPs)
             Began as a Ghoul Warper on Aug 17, 2023.
             Frozen to death by an endoplasm (1 damage)
             ... on level 1 of the Dungeon.
             The game lasted 00:01:19 (110 turns).

oblivion the Grasshopper (Ghoul Warper)              Turns: 110, Time: 00:01:20

Health: 0/18       AC:  3    Str: 14    XL:     1   Next: 60%
Magic:  2/2        EV: 11    Int:  8    God:
Gold:   8          SH:  0    Dex:  8    Spells: 3/3 levels left

rFire   . . .        d - +0 dagger
rCold   + . .        (no shield)
rNeg    + + +        a - +0 leather armour
rPois   ∞            (no helmet)
rElec   .            (no cloak)
rCorr   .            (no gloves)
SInv    .            (no boots)
Will    .....        (no amulet)
Stlth   +            (no ring)
HPRegen 0.00/turn    (no ring)
MPRegen 0.08/turn

%: no passive effects
@: inhibited regen
A: claws 1, cold resistance 1, negative energy resistance 3, inhibited
regeneration, torment resistance 2, devour on kill
a: no special abilities


You were on level 1 of the Dungeon.
You visited 1 branch of the dungeon, and saw 1 of its levels.

You collected 8 gold pieces.

Inventory:

Hand Weapons
 d - a +0 dagger (weapon)
Missiles
 c - 7 boomerangs of dispersal (quivered)
Armour
 a - a +0 leather armour (worn)
Scrolls
 b - a scroll of blinking


   Skills:
 + Level 2.5 Fighting
 + Level 0.8 Throwing
 + Level 0.8 Armour
 + Level 1.7 Dodging
 + Level 2.3 Unarmed Combat
 + Level 1.7 Spellcasting
 + Level 2.6 Translocations


You had 3 spell levels left.
You didn't know any spells.
Your spell library contained the following spells:

 Spells                   Type           Power      Damage    Failure   Level
 Blink                    Tloc           10%        N/A       22%         2
 Lesser Beckoning         Tloc           10%        N/A       22%         2
 Teleport Other           Tloc           5%         N/A       41%         3
 Vhi's Electric Charge    Tloc/Air       4%         N/A       61%         3
 Manifold Assault         Tloc           5%         N/A       83%         4


Dungeon Overview and Level Annotations

Branches:
Dungeon (1/15)

Altars:


Innate Abilities, Weirdness & Mutations

You are immune to poison.
You have sharp fingernails.
Your flesh is cold resistant. (rC+)
You are immune to negative energy. (rN+++)
You do not regenerate when monsters are visible.
You are immune to unholy pain and torment.
You thrive by killing the living.


Message History

The dart slug bites you.
* * * LOW HITPOINT WARNING * * *
You hit the dart slug but do no damage. The dart slug launches a dart at you.
The slug dart misses you.
You hit the dart slug.
The dart slug is lightly wounded.
You hit the dart slug. You claw the dart slug!
The dart slug is almost dead.
The dart slug closely misses you.
You hit the dart slug.
The dart slug is almost dead.
The dart slug launches a dart at you. The slug dart hits you.
* * * LOW HITPOINT WARNING * * *
You hit the dart slug.
You kill the dart slug!
You see here a dart slug corpse.
You see here a dart slug corpse.
You see here a dart slug corpse.
You open the door.
An endoplasm comes into view.
There is an open door here.
Okay, then.
Sorry, you're not good enough to have a special ability.
Okay, then.
There is an open door here.
There is an open door here.
The endoplasm attacks as you move away!
The endoplasm hits you but does no damage.
The endoplasm attacks as you move away!
The endoplasm hits you but does no damage.
The endoplasm attacks as you move away! The endoplasm closely misses you.
The endoplasm attacks as you move away! The endoplasm hits you.
* * * LOW HITPOINT WARNING * * *
The endoplasm attacks as you move away! The endoplasm closely misses you.
You barely miss the endoplasm. The endoplasm freezes you.
You are frozen.
You resist.
You die...

##+## ##...## ##.....##
# ##...†...## .##
.####......†..####...#.#
....'..........J@......#
.####...........##...#.#
##.......##.# .##
##.....###.## # #######
#..# #.# ######..# ##.##
#...##..# #...#
#...##..# ... #.<.##w.#
...


You could see an endoplasm.

Vanquished Creatures
  A dart slug (D:1)
  A goblin (D:1)
2 creatures vanquished.

Notes
Turn   | Place    | Note
-------+----------+-------------------------------------------
     0 | D:1      | oblivion the Ghoul Warper began the quest for the Orb.
     0 | D:1      | Reached XP level 1. HP: 17/17 MP: 2/2
   110 | D:1      | Frozen to death by an endoplasm

Illustrated notes

Levels and vault maps discovered:
D:1:      dpeg_arrival_rooms_a, layout_loops_corners, minmay_misc_feat_x

Action                     || total
---------------------------++-------
  Melee: Dagger            ||     6
         Unarmed           ||     5
         Punch             ||     1
 Armour: Leather armour    ||     2
  Dodge: Dodged            ||     6
